 Dungeon Crawl Stone Soup version 0.26.1-11-gd32895ea62 (webtiles) character file.

Game seed: 2013638716467599006

57530 Roflanpepe the Thaumaturge (level 14, -10/93 HPs)
             Began as a White Draconian Conjurer on Aug 3, 2021.
             Was an Elder of Sif Muna.
             Mangled by a hornet (17 damage)
             ... on level 6 of the Lair of Beasts on Aug 6, 2021.
             The game lasted 03:52:20 (32442 turns).

Roflanpepe the Thaumaturge (DrCj)                  Turns: 32442, Time: 03:52:21

Health: -10/93     AC: 11    Str: 11    XL:     14   Next: 46%
Magic:  9/39       EV: 15    Int: 23    God:    Sif Muna [****..]
Gold:   1108       SH:  0    Dex:  9    Spells: 11/37 levels left

rFire    + . .     SeeInvis .   Z - staff of conjuration
rCold    + + +     Faith    .   (no shield)
rNeg     . . .     Spirit   .   (armour unavailable)
rPois    +         Reflect  .   H - +0 hat
rElec    .         Harm     .   o - scarf {rC+ rF+}
rCorr    .         Rampage  .   (no gloves)
Will     +....                  b - +2 pair of boots
Stlth    ++........             D - amulet of magic regeneration
HPRegen  0.25/turn              K - ring "Kifrebruet" {rC++ MP+9}
MPRegen  0.51/turn              z - ring of poison resistance

@: lethally poisoned (-10 -> -14)
A: breathe frost, unfitting armour, cold resistance 1, cold-blooded, AC +8
a: Breathe Frost, Renounce Religion, Channel Magic, Forget Spell, Divine
Exegesis


You were on level 6 of the Lair of Beasts.
You worshipped Sif Muna.
Sif Muna was greatly pleased with you.
You visited 3 branches of the dungeon, and saw 21 of its levels.

You collected 1252 gold pieces.
You spent 144 gold pieces at shops.

Inventory:

Armour
 b - a +2 pair of boots (worn)
 o - a scarf of resistance (worn)
 r - a +2 cloak
 H - a +0 hat (worn)
Magical Staves
 p - an uncursed staff of air
 x - an uncursed staff of earth
 B - an uncursed staff of death
 L - an uncursed staff of death
 N - an uncursed staff of cold
 U - an uncursed staff of air
 Z - an uncursed staff of conjuration (weapon)
Jewellery
 e - an uncursed ring of protection from cold
 t - an uncursed ring of protection from fire
 u - an uncursed ring of fire
 v - an uncursed ring of fire
 w - an uncursed ring of protection from fire
 y - a +6 ring of intelligence
 z - a ring of poison resistance (right hand)
 D - an amulet of magic regeneration (around neck)
 F - an uncursed ring of ice
 K - the ring "Kifrebruet" (left hand) {rC++ MP+9}
   (You found it on level 8 of the Dungeon)

   [ring of magical power]

   It greatly protects you from cold.
   It affects your magic capacity (+9).
 O - an uncursed ring of fire
 Q - an uncursed amulet of regeneration
Wands
 C - a wand of polymorph (21)
 R - a wand of acid (2)
 V - a wand of disintegration (22)
 Y - a wand of enslavement (8)
Scrolls
 d - 8 scrolls of remove curse
 f - 5 scrolls of enchant weapon
 i - 3 scrolls of blinking
 j - 9 scrolls of teleportation
 m - a scroll of silence {unknown}
 s - a scroll of noise
 A - 3 scrolls of identify
 E - 5 scrolls of amnesia
 I - 2 scrolls of magic mapping
 S - a scroll of immolation
 T - a scroll of vulnerability {unknown}
 W - a scroll of fog
 X - a scroll of enchant armour {unknown}
Potions
 a - 4 potions of mutation
 c - 3 potions of flight
 g - 5 potions of attraction
 h - 9 potions of curing
 k - 3 potions of brilliance
 l - 3 potions of lignification
 n - a potion of resistance {unknown}
 q - a potion of experience {unknown}
 G - a potion of might {unknown}
 J - a potion of magic {unknown}
 M - 2 potions of ambrosia
 P - a potion of heal wounds


   Skills:
 + Level 7.1 Dodging
 - Level 3.1 Stealth
 + Level 12.3 Spellcasting
 + Level 10.8 Conjurations
 + Level 10.1 Hexes
 - Level 7.6 Translocations
 + Level 7.5 Transmutations
 - Level 7.1 Ice Magic
 - Level 8.7 Invocations


You had 11 spell levels left.
You knew the following spells:

 Your Spells              Type           Power        Failure   Level
a - Magic Dart            Conj           100%         1%          1
b - Searing Ray           Conj           100%         1%          2
c - Fulminant Prism       Conj/Hex       38%          1%          4
d - Gell's Gravitas       Tloc           24%          1%          3
e - Iskenderun's Mystic   Conj/Tloc      71%          1%          4
f - Metabolic Englaciati  Hex/Ice        26%          3%          5
g - Yara's Violent Unrav  Hex/Tmut       26%          3%          5
h - Blink                 Tloc           N/A          1%          2

Your spell library contained the following spells:

 Spells                   Type           Power        Failure   Level
 Sting                    Tmut/Pois      100%         1%          1
 Slow                     Hex            57%          1%          2
 Confusing Touch          Hex            57%          1%          3
 Conjure Flame            Conj/Fire      56%          1%          3
 Dazzling Flash           Conj/Hex       100%         1%          3
 Static Discharge         Conj/Air       56%          1%          3
 Summon Guardian Golem    Hex/Summ       37%          1%          3
 Mephitic Cloud           Conj/Pois/Air  46%          3%          3
 Animate Skeleton         Necr           28%          4%          1
 Pain                     Necr           56%          4%          1
 Summon Small Mammal      Summ           56%          4%          1
 Ignite Poison            Fire/Tmut/Pois 25%          4%          3
 Call Imp                 Summ           14%          7%          2
 Poisonous Vapours        Pois/Air       28%          7%          2
 Petrify                  Tmut/Erth      31%          10%         4
 Summon Ice Beast         Ice/Summ       30%          11%         4
 Call Canine Familiar     Summ           14%          13%         3
 Vampiric Draining        Necr           7%           13%         3
 Lightning Bolt           Conj/Air       28%          13%         5
 Animate Dead             Necr           7%           41%         4
 Olgreb's Toxic Radiance  Pois           14%          41%         4
 Summon Lightning Spire   Summ/Air       14%          41%         4
 Agony                    Necr           14%          77%         5
 Excruciating Wounds      Necr           7%           77%         5
 Ignition                 Fire           7%           100%        8
 Dragon's Call            Summ           7%           100%        9
 Shatter                  Erth           7%           100%        9
 Tornado                  Air            7%           100%        9


Dungeon Overview and Level Annotations

Branches:
Dungeon (14/15)            Temple (1/1) D:4            Lair (6/6) D:9
 Shoals (0/4) Lair:4       Spider (0/4) Lair:4        Slime (0/5) Lair:5
    Orc (0/2) D:12
 Vaults: D:13-14

Altars:
Ashenzari
Cheibriados
Dithmenos
Elyvilon
Fedhas
Gozag
Hepliaklqana
Kikubaaqudgha
Makhleb
Nemelex Xobeh
Okawaru
Qazlal
Ru
Sif Muna
Trog
Uskayaw
Vehumet
Wu Jian
Xom
Yredelemnul
Zin
The Shining One
Jiyva

Shops:
D:8 (   D:9 *

Annotations:
D:2 Robin
Lair:6 1 runed translucent door


Innate Abilities, Weirdness & Mutations

You can breathe waves of freezing cold.
You can buffet flying creatures when you breathe cold.
Your icy white scales are hard. (AC +8)
You cannot fit into any form of body armour.
Your flesh is cold resistant. (rC+)
You are cold-blooded and may be slowed by cold attacks.


Message History

You blink.
The hornet stings you!
* * * LOW HITPOINT WARNING * * *
You feel yourself slow down.
Casting: Blink (safe; 1% risk of failure)
Confirm with . or Enter, or press ? or * to list all spells.
You feel a surge of power!
You erupt in a blast of force!
The mystic blast hits the plant!
The plant begins to die.
The plant is lightly damaged.
The mystic blast hits the hornet!
The hornet is heavily wounded.
The hornet is knocked back by the mystic blast.
The hornet slams into the rock wall!
The hornet stings you!
* * * LOW HITPOINT WARNING * * *
You are poisoned.
Casting: Iskenderun's Mystic Blast (mildly dangerous; 1% risk of failure)
Confirm with . or Enter, or press ? or * to list all spells.
You blink.
You feel yourself speed up.
You feel sick. The hornet stings you!
You die...

........###
##.....## #
....#######$
##.##..## #. ....#
#$$$ ###....# .#
#..#.# #$?$ ##..###
.. #..P.# #$.$
##..## ##.. #.....
$D###....# ##†..
#P..... #+#...###
##.... ##...###
##PD.### ## ###....#
#§y@##.# #.##.(..[##
##....#####...†.#..#
###...#.#.††..##...
##.......######..
###...### ## #####


You could see a fire dragon, a five-headed hydra and a hornet.

Vanquished Creatures
  A dire elephant (Lair:6)
  2 hydras
  A boulder beetle (D:13)
  A catoblepas (Lair:6)
  Erica (Lair:2)
  2 two-headed ogres (D:12)
  3 death yaks (Lair:6)
  The ghost of execc the Cudgeller, a novice OpWn of Vehumet (D:7)
  An unseen horror (D:10)
  3 lindwurms (Lair:6)
  An orc knight (D:10)
  A wolf spider (Lair:1)
  3 oklob plants (Lair:5)
  An ugly thing (D:13)
  An orc sorcerer (D:12)
  5 manticores
  A cyclops (D:10)
  4 torpor snails (Lair:6)
  4 black mambas
  A gargoyle (D:11)
  Psyche (D:9)
  11 elephants
  12 cane toads
  7 rime drakes
  14 komodo dragons
  A tyrant leech (Lair:6)
  A polar bear (Lair:2)
  Prince Ribbit (D:4)
  5 trolls
  11 blink frogs
  7 hornets
  16 dream sheep
  2 redbacks (Lair:4)
  9 wyverns
  7 wraiths
  Eustachio (D:4)
  29 yaks
  4 basilisks
  Grum (D:11)
  A soldier ant (D:8)
  2 acid dragons
  Edmund (D:4)
  10 water moccasins
  4 orc warriors
  2 ice beasts (D:11)
  2 black bears
  4 phantoms
  4 sky beasts
  16 ogres
  2 necrophages
  21 wolves
  11 centaurs
  2 big kobolds (D:9)
  A big kobold (shapeshifter) (D:13)
  A gnoll sergeant (D:9)
  12 bullfrogs
  6 scorpions
  A troll zombie (D:12)
  A water moccasin skeleton (D:8)
  5 killer bees (D:7)
  12 wights
  3 electric eels
  4 howler monkeys
  2 bullfrog zombies
  5 hounds
  6 jellies
  7 orc priests
  11 orc wizards
  Crazy Yiuf (D:4)
  A bullfrog skeleton (D:13)
  A centaur skeleton (D:9)
  5 iguanas
  Ijyb (D:4)
  7 worker ants
  7 ogre zombies (D:12)
  2 hound skeletons
  3 worker ant zombies
  A howler monkey zombie (D:9)
  12 gnolls
  19 adders
  A shadow imp (D:7)
  14 white imps
  3 ufetubi
  4 oozes
  An adder skeleton (D:4)
  An adder zombie (D:6)
  4 worms
  2 dart slugs
  2 leopard geckos
  47 orcs
  4 ball pythons
  3 giant cockroaches
  9 goblins
  8 hobgoblins
  17 jackals
  6 quokkas
  A ball python skeleton (D:4)
  18 bats
  8 frilled lizards
  A goblin skeleton (D:12)
  2 goblin zombies (D:12)
  A hobgoblin skeleton (D:12)
  4 hobgoblin zombies (D:12)
  A jackal skeleton (D:4)
  A jackal zombie (D:6)
  14 kobolds
  2 orc skeletons (D:12)
  15 orc zombies (D:12)
  2 quokka zombies
  6 rats
  3 rat zombies (D:9)
602 creatures vanquished.

Vanquished Creatures (others)
  330 fulminant prisms
  67 fungi
  124 plants
521 creatures vanquished.

Grand Total: 1123 creatures vanquished

Notes
Turn   | Place    | Note
-------+----------+-------------------------------------------
     0 | D:1      | Roflanpepe the Draconian Conjurer began the quest for the
                  | Orb.
     0 | D:1      | Reached XP level 1. HP: 14/14 MP: 3/3
   278 | D:1      | Reached XP level 2. HP: 20/20 MP: 1/5
   286 | D:1      | Learned a level 2 spell: Searing Ray
  1223 | D:2      | Noticed Robin
  1480 | D:2      | Reached XP level 3. HP: 26/26 MP: 1/6
  1698 | D:2      | Noticed an ogre
  1732 | D:2      | Killed an ogre
  1733 | D:2      | Reached skill level 5 in Conjurations
  1733 | D:2      | Reached XP level 4. HP: 33/33 MP: 1/7
  1802 | D:2      | Learned a level 4 spell: Fulminant Prism
  2137 | D:2      | Reached XP level 5. HP: 38/38 MP: 5/8
  2889 | D:3      | Reached skill level 1 in Hexes
  3563 | D:3      | Reached XP level 6. HP: 45/45 MP: 1/10
  3665 | D:3      | Reached skill level 3 in Spellcasting
  4039 | D:4      | Found a stormy altar of Qazlal.
  4042 | D:4      | Found a hazy altar of Hepliaklqana.
  4045 | D:4      | Found a sacrificial altar of Ru.
  4048 | D:4      | Found a glowing silver altar of Zin.
  4110 | D:4      | Noticed Eustachio
  4126 | D:4      | Found a staircase to the Ecumenical Temple.
  4224 | D:4      | Killed Eustachio
  4281 | D:4      | Noticed Ijyb
  4290 | D:4      | Killed Ijyb
  4291 | D:4      | Your scales start taking on an icy white colour.
  4291 | D:4      | Reached XP level 7. HP: 50/50 MP: 4/12
  4291 | D:4      | Gained mutation: Your flesh is cold resistant. (rC+) [White
                  | Draconian growth]
  4457 | D:4      | Found a bloodstained altar of Trog.
  4821 | D:4      | Found a runed translucent door.
  4822 | D:4      | Noticed Crazy Yiuf
  4975 | Temple   | Entered the Ecumenical Temple
  5016 | Temple   | Became a worshipper of Sif Muna the Loreminder
  5171 | D:4      | Killed Crazy Yiuf
  5172 | D:4      | Reached skill level 1 in Ice Magic
  5274 | D:5      | Entered Level 5 of the Dungeon
  5279 | D:5      | Reached skill level 1 in Translocations
  5359 | D:5      | Reached skill level 4 in Spellcasting
  5412 | D:5      | Noticed Edmund
  5756 | D:4      | Learned a level 3 spell: Gell's Gravitas
  5908 | D:5      | Reached XP level 8. HP: 57/57 MP: 7/15
  6241 | D:4      | Killed Edmund
  6242 | D:4      | Reached skill level 5 in Spellcasting
  6515 | D:5      | Noticed Prince Ribbit
  6717 | D:4      | Killed Prince Ribbit
  7115 | D:4      | Learned a level 4 spell: Iskenderun's Mystic Blast
  7356 | D:5      | Reached * piety under Sif Muna
  7983 | D:6      | Reached skill level 6 in Spellcasting
  9073 | D:6      | Reached XP level 9. HP: 62/62 MP: 8/18
  9527 | D:6      | Reached skill level 1 in Invocations
  9885 | D:7      | Learned a level 5 spell: Metabolic Englaciation
 10149 | D:7      | Found a runed translucent door.
 10569 | D:7      | Noticed execc's ghost (novice OpWn)
 10589 | D:7      | Reached skill level 5 in Ice Magic
 11503 | D:7      | Killed execc's ghost
 11504 | D:7      | Reached skill level 7 in Spellcasting
 11569 | D:8      | Found Upafaul's Antique Weapon Shoppe.
 11727 | D:8      | Reached skill level 5 in Hexes
 11733 | D:8      | Noticed a komodo dragon
 11738 | D:8      | Reached skill level 5 in Translocations
 11913 | D:8      | Killed a komodo dragon
 11914 | D:8      | Reached XP level 10. HP: 69/69 MP: 8/21
 12245 | D:8      | Reached ** piety under Sif Muna
 12246 | D:8      | Reached skill level 8 in Spellcasting
 13054 | D:8      | Noticed a manticore
 13065 | D:8      | Killed a manticore
 13649 | D:8      | Identified Usetrio's Guide on Necromancy and Creation
 13653 | D:8      | Got a brightly glowing wooden ring
 13656 | D:8      | Identified the ring "Kifrebruet" {rC++ MP+9} (You found it
                  | on level 8 of the Dungeon)
 13783 | D:8      | Learned a level 4 spell: Summon Ice Beast
 14106 | D:9      | Found Saele's Assorted Antiques.
 14189 | D:9      | Noticed Psyche
 14217 | D:9      | Killed Psyche
 14218 | D:9      | Reached skill level 5 in Invocations
 14233 | D:9      | Reached skill level 9 in Spellcasting
 14793 | D:9      | Bought a scroll of identify for 72 gold pieces
 14793 | D:9      | Bought a scroll of identify for 72 gold pieces
 14905 | D:9      | Found a staircase to the Lair.
 15052 | D:9      | Found an ancient bone altar of Kikubaaqudgha.
 15171 | D:9      | Found an ornate altar of the Wu Jian Council.
 15388 | D:10     | Entered Level 10 of the Dungeon
 15422 | D:10     | Reached XP level 11. HP: 74/74 MP: 8/24
 15925 | D:10     | Noticed an orc knight
 15979 | D:10     | Killed an orc knight
 16401 | D:10     | Killed an unseen horror
 16799 | D:11     | Found a glowing golden altar of the Shining One.
 17679 | D:11     | Noticed Grum
 17742 | D:11     | Killed Grum
 17743 | D:11     | Reached skill level 10 in Spellcasting
 17927 | D:11     | Noticed a boulder beetle
 18001 | D:11     | a boulder beetle changed into a dream sheep
 18349 | D:11     | Reached *** piety under Sif Muna
 18561 | D:11     | Learned a level 5 spell: Yara's Violent Unravelling
 18858 | D:12     | Noticed a two-headed ogre
 18881 | D:12     | Killed a two-headed ogre
 19325 | D:12     | Noticed an orc sorcerer
 19398 | D:12     | Killed an orc sorcerer
 19754 | D:12     | Reached XP level 12. HP: 79/80 MP: 26/26
 19992 | D:12     | Noticed a two-headed ogre
 20021 | D:12     | Killed a two-headed ogre
 20022 | D:12     | Reached skill level 1 in Transmutations
 20207 | D:12     | Found a staircase to the Orcish Mines.
 20210 | D:12     | Reached **** piety under Sif Muna
 20648 | D:13     | Noticed a boulder beetle
 20956 | D:13     | Killed a boulder beetle
 21415 | D:13     | You fall into a shaft and drop 1 floor!
 21450 | D:14     | Found a burning altar of Makhleb.
 21452 | D:14     | Found a shadowy altar of Dithmenos.
 22035 | Lair:1   | Entered Level 1 of the Lair of Beasts
 22711 | Lair:1   | Reached skill level 11 in Spellcasting
 23444 | Lair:2   | Noticed Erica
 23472 | Lair:2   | Killed Erica
 23664 | Lair:2   | Noticed a boulder beetle
 24772 | Lair:3   | You fall into a shaft and drop 2 floors!
 24867 | Lair:5   | HP: 4/81 [water moccasin (1)]
 24867 | Lair:5   | HP: 1/81 [yak (3)]
 26013 | Lair:4   | Reached XP level 13. HP: 83/86 MP: 27/28
 26299 | Lair:4   | Found a hole to the Spider Nest.
 26689 | Lair:4   | Found a staircase to the Shoals.
 27402 | Lair:5   | Reached skill level 5 in Transmutations
 27501 | Lair:5   | Found the +7 pair of quick blades "Gyre" and "Gimble"
                  | {protect}
 27730 | Lair:5   | Reached skill level 5 in Dodging
 28438 | Lair:5   | Found a staircase to the Slime Pits.
 28438 | Lair:5   | Found a viscous altar of Jiyva.
 28693 | Lair:5   | Learned a level 2 spell: Blink
 29196 | Lair:6   | Entered Level 6 of the Lair of Beasts
 30217 | Lair:6   | Reached skill level 10 in Conjurations
 30746 | Lair:6   | Reached skill level 12 in Spellcasting
 30746 | Lair:6   | Reached XP level 14. HP: 66/93 MP: 30/30
 32096 | Lair:6   | Reached skill level 10 in Hexes
 32305 | Lair:6   | Found a runed translucent door.
 32442 | Lair:6   | Mangled by a hornet

Illustrated notes

Levels and vault maps discovered:
D:1:      sevenhm_arrival_forest_fort_small_6, layout_basic, minmay_door_square,
          lemuel_old_faithful
D:2:      minmay_recursive_quarters, layout_basic, uniq_robin
D:3:      layout_basic
D:4:      layout_basic, bloody_trog, grunt_temple_overflow_cloverleaf,
          minmay_temple_entry_trees, uniq_eustachio, uniq_crazy_yiuf_cottage,
          uniq_ijyb
D:5:      layout_cave_pools, uniq_prince_ribbit1, uniq_edmund
D:6:      layout_basic, serial_bayou_ford_a, roderic_batcave
D:7:      layout_gridville, ebering_ghost_reflecting_pool
D:8:      minmay_the_grid_octo_tiled_squarecenter
          [minmay_the_grid_octo_pinwheel, minmay_the_grid_octo_toaster,
          minmay_the_grid_octo_chip, minmay_the_grid_octo_clover,
          minmay_the_grid_square_5x5_megaprize_open,
          minmay_the_grid_square_5x5_hourglass, minmay_the_grid_square_5x5_two,
          minmay_the_grid_square_5x5_three_small,
          minmay_the_grid_square_5x5_checkered_statues], layout_basic,
          serial_shops, shop
D:9:      layout_basic, nzn_wu_jian_council_hall,
          lemuel_zombie_altar_kikubaaqudgha, lair_entry_dummy, serial_shops,
          shop, uniq_psyche
D:10:     layout_rooms
D:11:     minmay_four_partial_circles, layout_stronghold, tso_altar, uniq_grum
D:12:     layout_loops_ring, zombieorc2_lemuel
D:13:     layout_small_grid
D:14:     cheibrodos_frozen_isle, layout_long_grid, david_vaults_4, basic_altar,
          minivault_19, minmay_misc_feat_secret_circle, grunt_dithmenos_smoke,
          uniq_azrael
Temple:   eino_wide_crystal_templ
Lair:1:   minmay_lair_venomous_thicket, layout_chaotic_city, st_stairs_6
Lair:2:   layout_roguey, uniq_erica
Lair:3:   layout_roguey, lemuel_fruit_tree, infiniplex_staircase_pool
Lair:4:   layout_hall_layers, elwin_shoals_entry_rooms, spider_nest_entry_webs,
          portal_ice_cave_entry_imps, infiniplex_staircase_pool_2
Lair:5:   layout_misc_corridors, slime_altar_1, columned_hall_lemuel,
          minivault_23, serial_bayou_shore_a, minmay_lair_oklob_chamber
Lair:6:   wormcave, layout_loops_ring, hangedman_lair_in_review,
          ebering_ghost_reflecting_pool, serial_rivers,
          chequers_serial_rivers_small_3, chequers_serial_rivers_micro_c,
          chequers_serial_rivers_small_a, chequers_serial_rivers_small_b,
          chequers_serial_rivers_room_a

Skill      XL: |  1  2  3  4  5  6  7  8  9 10 11 12 13 14 |
---------------+-------------------------------------------+-----
Dodging        | 2 3 6 7 |  7.1
Stealth        | 2 3 |  3.1
Conjurations   | 5 6 7 9 10 | 10.8
Hexes          | 1 2 3 4 5 6 7 8 9 10 | 10.1
Spellcasting   | 3 4 6 7 9 10 11 12 | 12.3
Ice Magic      | 2 4 6 7 |  7.1
Translocations | 2 3 5 6 7 |  7.6
Invocations    | 3 5 7 8 |  8.7
Transmutations | 4 6 7 |  7.5

Action                   |  1- 3 |  4- 6 |  7- 9 | 10-12 | 13-15 || total
-------------------------+-------+-------+-------+-------+-------++-------
Melee: Unarmed           |       |     2 |       |       |       ||     2
       Staff             |       |       |     4 |     8 |     7 ||    19
       Tailslap          |       |       |       |     3 |     2 ||     5
 Cast: Magic Dart        |    13 |     7 |     5 |    10 |     4 ||    39
       Searing Ray       |    21 |    56 |    87 |    94 |    63 ||   321
       Fulminant Prism   |       |     1 |    28 |   199 |   103 ||   331
       Iskenderun's Myst |       |       |    17 |   157 |   115 ||   289
       Gell's Gravitas   |       |       |     5 |     4 |     4 ||    13
       Metabolic Englaci |       |       |     3 |    38 |    12 ||    53
       Summon Ice Beast  |       |       |       |     3 |       ||     3
       Dragon's Call     |       |       |       |     1 |       ||     1
       Blink             |       |       |       |       |    18 ||    18
Invok: Channel Magic     |       |       |     1 |    12 |    12 ||    25
       Forget Spell      |       |       |       |     1 |       ||     1
       Divine Exegesis   |       |       |       |     1 |       ||     1
 Abil: Breathe Frost     |       |       |     5 |     5 |       ||    10
Evoke: Wand              |       |       |     2 |     2 |       ||     4
  Use: Scroll            |     6 |     3 |     8 |    12 |     1 ||    30
       Potion            |       |       |     1 |     5 |       ||     6
Armor: Skin              |     1 |    13 |    54 |    69 |    34 ||   171
Dodge: Dodged            |    11 |    32 |   107 |   101 |    51 ||   302
